 Dungeon Crawl Stone Soup version 0.22-a0-769-g178e55541d (webtiles) character file.

37 Marius the Skirmisher (level 3, -8/29 HPs)
             Began as a Human Fighter on July 17, 2018.
             Mangled by a gnoll
             ... wielding a +0 halberd
              (10 damage)
             ... on level 2 of the Dungeon.
             The game lasted 00:01:23 (166 turns).

Marius the Skirmisher (Human Fighter)                Turns: 166, Time: 00:01:24

Health: -8/29      AC:  6    Str: 17    XL:     3   Next: 62%
Magic:  3/3        EV:  7    Int:  8    God:
Gold:   15         SH:  9    Dex: 12    Spells: 2/2 levels left

rFire    . . .     SeeInvis .   a - +0 war axe
rCold    . . .     Gourm    .   c - +0 shield
rNeg     . . .     Faith    .   b - +0 scale mail
rPois    .         Spirit   .   (no helmet)
rElec    .         Reflect  .   (no cloak)
rCorr    .         Harm     .   (no gloves)
MR       .....                  (no boots)
Stlth    ..........             (no amulet)
HPRegen  0.09/turn              (no ring)
MPRegen  0.08/turn              (no ring)

@: lethally poisoned (-8 -> -10)
A: no striking features
a: no special abilities


You were on level 2 of the Dungeon.
You were not hungry.

You visited 1 branch of the dungeon, and saw 2 of its levels.

You collected 15 gold pieces.

Inventory:

Hand Weapons
 a - a +0 war axe (weapon)
Missiles
 i - 12 poisoned needles
Armour
 b - a +0 scale mail (worn)
 c - a +0 shield (worn)
Scrolls
 e - a scroll of remove curse {unknown}
 g - a scroll of teleportation {unknown}
 j - a scroll of magic mapping {unknown}
 k - a scroll of immolation {unknown}
Potions
 d - a potion of might
Comestibles
 f - a ration
 h - 12 chunks of flesh


   Skills:
 + Level 3.5 Fighting
 + Level 2.3 Axes
 + Level 3.2 Armour
 + Level 3.4 Shields


You had 2 spell levels left.
You didn't know any spells.
Your spell library was empty.

Dungeon Overview and Level Annotations

Branches:
Dungeon (2/15)

Altars:


Message History

You hit the orc but do no damage. The bat hits you but does no damage.
You block the hobgoblin's attack.
A gnoll comes into view.
The gnoll closely misses you. The orc hits you but does no damage.
You block the goblin's attack. The hobgoblin completely misses you.
The orc hits you with a short sword.
* * * LOW HITPOINT WARNING * * *
The gnoll shouts!
You hit the goblin.
You kill the goblin!
You closely miss the hobgoblin. You barely miss the orc.
You hear a shout! x2
You block the bat's attack. You block the gnoll's attack.
A gnoll comes into view. It is wielding a halberd.
A hobgoblin comes into view. It is wielding a club.
The orc hits you with a short sword.
* * * LOW HITPOINT WARNING * * *
You block the hobgoblin's attack.
The gnoll hits you from afar with a halberd!
You die...

#........
#........
.........
#........
######........
#.............
######...#..<..
......†..b......
#.....)@).......
##....g)o.......
#......o.g##..##
..%...........g.
.##.#.....#..#..
#...gg#....(..
###...g###...
..... ..


You could see an orc wizard, 4 gnolls, an orc, 2 hobgoblins and a bat.

Vanquished Creatures
  An adder (D:2)
  A leopard gecko (D:2)
  2 orcs (D:2)
  2 giant cockroaches (D:1)
  7 goblins
  6 jackals (D:2)
  A frilled lizard (D:2)
  2 kobolds (D:2)
  A rat (D:2)
23 creatures vanquished.

Notes
Turn   | Place    | Note
-------+----------+-------------------------------------------
     0 | D:1      | Marius the Human Fighter began the quest for the Orb.
     0 | D:1      | Reached XP level 1. HP: 18/18 MP: 1/1
    62 | D:1      | Reached XP level 2. HP: 24/24 MP: 2/2
   159 | D:2      | Reached XP level 3. HP: 25/29 MP: 3/3
   166 | D:2      | Mangled by a gnoll

Vault maps used:
D:1:      dpeg_arrival_round_b
D:2:      first_ration, minivault_23, nicolae_dithmenos_through_a_glass_darkly

Action                   || total
-------------------------++-------
Melee: War axe           ||    29
Armor: Scale mail        ||    42
Dodge: Dodged            ||    29
Block: Shield            ||    35

Table legend:
 A = Spawn XP
 B = Non-spawn XP
 C = Spawn XP percentage of total XP
 D = Spawn monster count
 E = Non-spawn monster count
 F = Spawn count percentage of total count
 G = Total turns spent on level
                    A         B        C        D         E        F      G
               +---------+---------+-------+---------+---------+-------+---------
         Total |       0 |      54 |   0.0 |       0 |      23 |   0.0 |   166
               +---------+---------+-------+---------+---------+-------+---------
           D:1 |       0 |      11 |   0.0 |       0 |       6 |   0.0 |   148
           D:2 |       0 |      43 |   0.0 |       0 |      17 |   0.0 |    18
               +---------+---------+-------+---------+---------+-------+---------
